 Dungeon Crawl Stone Soup version 0.27-a0-1312-g5cdb2b3542 (webtiles) character file.

Game seed: 4008275661444323375

636 Demosthentine the Poker (level 7, -2/55 HPs)
             Began as a Merfolk Gladiator on June 21, 2021.
             Slain by a gargoyle (6 damage)
             ... on level 5 of the Dungeon.
             The game lasted 00:04:13 (4104 turns).

Demosthentine the Poker (Merfolk Gladiator)         Turns: 4104, Time: 00:04:14

Health: -2/55      AC:  4    Str: 16    XL:     7   Next: 50%
Magic:  7/7        EV: 14    Int:  7    God:
Gold:   166        SH:  0    Dex: 16    Spells: 6/6 levels left

rFire    . . .     SeeInvis .   a - +1 trident
rCold    . . .     Faith    .   (no shield)
rNeg     . . .     Spirit   .   b - +0 leather armour
rPois    .         Reflect  .   c - +0 helmet
rElec    .         Harm     .   (no cloak)
rCorr    .         Rampage  .   (no gloves)
Will     .....                  (no boots)
Stlth    +.........             (no amulet)
HPRegen  0.18/turn              (no ring)
MPRegen  0.10/turn              (no ring)

@: studying Shields
A: (nimble swimmer 2), mertail
a: no special abilities


You were on level 5 of the Dungeon.
You visited 1 branch of the dungeon, and saw 5 of its levels.
You also visited: Sewer.

You collected 166 gold pieces.

Inventory:

Hand Weapons
 a - a +1 trident (weapon)
Missiles
 d - 3 throwing nets (quivered)
Armour
 b - a +0 leather armour (worn)
 c - a +0 helmet (worn)
Scrolls
 e - 2 scrolls of amnesia
 f - a scroll of enchant weapon
Potions
 g - a potion of invisibility {unknown}
 h - a potion of lignification {unknown}
 i - 3 potions of might {unknown}
 j - 2 potions of heal wounds {unknown}
 k - 2 potions of curing {unknown}
 l - a potion of mutation {unknown}
 n - a potion of degeneration {unknown}


   Skills:
 + Level 4.4 Fighting
 + Level 6.7 Polearms
 - Level 2.0 Throwing
 + Level 2.4 Armour
 + Level 6.2 Dodging
 + Level 4.3 Shields


You had 6 spell levels left.
You didn't know any spells.
Your spell library contained the following spells:

 Spells                   Type           Power      Damage    Failure   Level
 Animate Skeleton         Necr           0%         N/A       50%         1
 Pain                     Necr           0%         1d4       50%         1
 Vampiric Draining        Necr           0%         2d6       86%         3
 Animate Dead             Necr           0%         N/A       99%         4
 Agony                    Necr           0%         N/A       100%        5


Dungeon Overview and Level Annotations

Branches:
Dungeon (5/15)              Sewer (visited)
 Temple: D:4-7

Altars:
Gozag
Uskayaw


Innate Abilities, Weirdness & Mutations

((You are quick and stealthy near water. (Stealth+, EV+, Speed+++)))
Your lower body shifts to a powerful aquatic tail in water.


Message History

You hit the dart slug.
The dart slug is moderately wounded.
The dart slug closely misses you.
A dart slug is nearby!
You hit the dart slug.
The dart slug is heavily wounded.
A dart slug is nearby!
You puncture the dart slug!
You kill the dart slug!
No target in view!
An orc comes into view. It is wielding a +0 flail.
An orc is nearby!
An orc is nearby!
The orc shouts!
An orc is nearby!
You reach to attack!
You hit the orc.
The orc is moderately wounded.
You hit the orc.
The orc is severely wounded.
The orc hits you with a +0 flail!
An orc is nearby!
You hit the orc.
You kill the orc!
Key pressed, stopping explore.
No target in view!
No target in view!
HP restored.
You see here a +0 flail.
You open the door.
A gargoyle comes into view. It is wielding a +2 vorpal morningstar.
Found a club.
You reach to attack!
You hit the gargoyle but do no damage.
A gargoyle is nearby!
You hit the gargoyle but do no damage.
The gargoyle hurls a stone arrow at you.
The stone arrow hits you!!
You closely miss the gargoyle.
The gargoyle hits you with a +2 vorpal morningstar!!
* * * LOW HITPOINT WARNING * * *
You die...

#.###########.##.#
#.# #....# #.#
########## #.#
.......... #.#
#..#....# #.#
#.##.# #.# # #.#
#.# ##.[ #@# #...
#.9...... +...
###.....# #...
....). #... #....
#.... .... #....
... #.... ## #.###
..


You could see a gargoyle.

Vanquished Creatures
  2 black bears
  2 bullfrogs (Sewer)
  An orc priest (D:4)
  An iguana (D:4)
  4 gnolls (D:4)
  A river rat (D:3)
  8 adders
  2 adder skeletons (D:4)
  2 worms
  3 dart slugs
  15 orcs
  6 bats
  19 endoplasms
  9 giant cockroaches
  A goblin (D:2)
  5 hobgoblins
  15 quokkas
  18 ball pythons
  10 frilled lizards
  7 kobolds
  6 rats
137 creatures vanquished.

Notes
Turn   | Place    | Note
-------+----------+-------------------------------------------
     0 | D:1      | Demosthentine the Merfolk Gladiator began the quest for the
                  | Orb.
     0 | D:1      | Reached XP level 1. HP: 16/16 MP: 1/1
   457 | D:1      | Reached XP level 2. HP: 23/23 MP: 2/2
   759 | D:2      | Reached XP level 3. HP: 27/28 MP: 3/3
  1302 | D:2      | Reached skill level 5 in Polearms
  1447 | D:2      | Identified a scroll of acquirement
  1447 | D:2      | Acquired a manual of Shields
  1487 | D:3      | Reached skill level 1 in Armour
  1499 | D:3      | Found a hide-covered altar of Uskayaw.
  1628 | D:3      | Reached XP level 4. HP: 31/34 MP: 4/4
  1690 | D:3      | Noticed a black bear
  1702 | D:3      | Killed a black bear
  1703 | D:3      | Reached skill level 5 in Dodging
  1703 | D:3      | Reached XP level 5. HP: 38/41 MP: 5/5
  1886 | D:3      | Found a glowing drain.
  1906 | Sewer    | Entered a sewer
  2193 | Sewer    | Reached XP level 6. HP: 29/47 MP: 6/6
  2908 | D:4      | Noticed a black bear
  2943 | D:4      | Killed a black bear
  2944 | D:4      | Reached XP level 7. HP: 21/54 MP: 7/7
  3881 | D:4      | Found an opulent altar of Gozag.
  3985 | D:5      | Entered Level 5 of the Dungeon
  4101 | D:5      | Noticed a gargoyle
  4104 | D:5      | Slain by a gargoyle

Illustrated notes

Levels and vault maps discovered:
D:1:      scummos_arrival_simple_crosswalls, layout_basic
D:2:      layout_basic, hangedman_abyss_or_decor_lesser_grid
D:3:      layout_rooms, old_standard_altar, portal_sewer_entry_e,
          kennysheep_path_1, minmay_checkerbox
D:4:      layout_rooms, nicolae_gozag_cash_rules_everything_around_me
D:5:      layout_basic, serial_shops, shop

Skill      XL: |  1  2  3  4  5  6  7 |
---------------+----------------------+-----
Polearms       | 5 6 |  6.7
Armour         | 1 2 |  2.4
Fighting       | 3 4 |  4.4
Dodging        | 5 6 |  6.2
Shields        | 2 3 4 |  4.3
Throwing       | |  2.0

Action                   |  1- 3 |  4- 6 |  7- 9 || total
-------------------------+-------+-------+-------++-------
Melee: Trident           |   103 |   238 |   118 ||   459
       Tailslap          |       |    11 |       ||    11
Throw: Throwing net      |       |     3 |       ||     3
  Use: Scroll            |     3 |     2 |     1 ||     6
 Stab: Held in net/web   |       |     3 |       ||     3
       Sleeping          |       |     6 |       ||     6
       Distracted        |       |     1 |       ||     1
Armor: Leather armour    |    27 |    47 |     7 ||    81
Dodge: Dodged            |    47 |   205 |    64 ||   316

Table legend: (Time is in decaauts)
 A = Elapsed time spent in this place.
 B = Non-inter-level travel time spent in this place.
 C = Inter-level travel time spent in this place.
 D = Time resting spent in this place.
 E = Time spent auto-exploring this place.
 F = Levels seen in this place.
 G = Mean time per level.
                   A        B        C        D        E       F      G
               +--------+--------+--------+--------+--------+-----+--------+
         Total |   4062 |   3991 |     71 |    134 |   2866 |   6 |  677.0 |
       Dungeon |   3239 |   3168 |     71 |    134 |   2267 |   5 |  647.8 |
         Sewer |    823 |    823 |      0 |      0 |    599 |   1 |  823.0 |
               +--------+--------+--------+--------+--------+-----+--------+

Top non-repeatable levels by time:
     D:4: 930 daAuts
     D:2: 854 daAuts
   Sewer: 823 daAuts
     D:3: 709 daAuts
     D:1: 627 daAuts
     D:5: 118 daAuts
